 Dungeon Crawl Stone Soup version 0.30-a0-389-g8d7d949f56 (webtiles) character file.

Game seed: 7765377971134828105

5866 experimilk the Merchant of Misery (level 10, -1/69 HPs)
             Began as a Pale Draconian Conjurer on Dec 3, 2022.
             Was a Believer of Kikubaaqudgha.
             Slain by an efreet
             ... wielding a +2 scimitar of flaming
              (13 damage)
             ... on level 9 of the Dungeon.
             The game lasted 00:35:09 (12098 turns).

experimilk the Merchant of Misery (DrCj)           Turns: 12098, Time: 00:35:12

Health: -1/69      AC:  9    Str: 10    XL:     10   Next: 52%
Magic:  14/21      EV: 12    Int: 22    God:    Kikubaaqudgha [**....]
Gold:   588        SH:  5    Dex: 10    Spells: 4/24 levels left

rFire   . . .      SeeInvis +    v - +3 spear (freeze)
rCold   . . .      Faith    .    (no shield)
rNeg    . . .      Spirit   .    (body armour unavailable)
rPois   .          Reflect  +    (helmet restricted)
rElec   .          Harm     .    (no cloak)
rCorr   .          Rampage  .    (no gloves)
Will    .....                    p - +1 pair of boots
Stlth   ++........               x - amulet of reflection
HPRegen 0.31/turn                y - ring of see invisible
MPRegen 0.17/turn                (no ring)

@: lethally poisoned (-1 -> -5)
A: breathe steam, AC +7, unfitting armour, cold-blooded, steam resistance
a: Breathe Steam, Renounce Religion, Unearth Wretches


You were on level 9 of the Dungeon.
You worshipped Kikubaaqudgha.
Kikubaaqudgha was pleased with you.
You visited 2 branches of the dungeon, and saw 10 of its levels.

You collected 588 gold pieces.

Inventory:

Hand Weapons
 a - a +3 falchion of draining
 b - a +0 dagger
 f - a +2 scimitar of freezing
 v - a +3 spear of freezing (weapon)
 w - a +1 dagger of draining
Missiles
 E - a throwing net
Armour
 p - a +1 pair of boots (worn)
Jewellery
 x - an amulet of reflection (around neck)
 y - a ring of see invisible (left hand)
Wands
 s - a wand of quicksilver (10)
 B - a wand of polymorph (11)
Scrolls
 e - a scroll of magic mapping
 k - a scroll of amnesia {unknown}
 l - 3 scrolls of butterflies
 m - a scroll of enchant weapon
 n - a scroll of enchant armour {unknown}
 o - a scroll of acquirement {unknown}
 t - 2 scrolls of vulnerability
 u - a scroll of teleportation
 D - a scroll of noise {unknown}
Potions
 c - a potion of ambrosia {unknown}
 d - 3 potions of attraction {unknown}
 g - 2 potions of curing
 i - 2 potions of degeneration {unknown}
 j - 3 potions of flight
 q - 2 potions of might {unknown}
 r - a potion of berserk rage {unknown}
 z - 2 potions of lignification {unknown}
 A - 2 potions of cancellation {unknown}
 C - a potion of brilliance {unknown}
Miscellaneous
 h - a lightning rod (3/4)


   Skills:
 - Level 3.0 Dodging
 - Level 1.7 Stealth
 + Level 7.9 Spellcasting
 - Level 9.0 Conjurations
 + Level 10.6 Necromancy


You had 4 spell levels left.
You knew the following spells:

 Your Spells              Type           Power      Damage    Failure   Level
a - Necrotise             Necr           100%       1d9       1%          1
b - Magic Dart            Conj           100%       1d8       1%          1
c - Cigotuvi's Dreadful   Necr/Pois/Air  48%        N/A       2%          2
d - Animate Dead          Necr           53%        N/A       1%          4
f - Haunt                 Necr/Summ      16%        N/A       100%        7
s - Vampiric Draining     Necr           53%        2d9       1%          3
z - Searing Ray           Conj           96%        2d7       1%          2

Your spell library contained the following spells:

 Spells                   Type           Power      Damage    Failure   Level
 Kiss of Death            Conj/Necr      100%       2d13      1%          1
 Dazzling Flash           Conj/Hex       56%        N/A       3%          3
 Blink                    Tloc           16%        N/A       12%         2
 Fulminant Prism          Conj/Hex       14%        3d9       12%         4
 Iskenderun's Mystic Bla  Conj/Tloc      28%        2d7       12%         4
 Cause Fear               Hex            4%         N/A       58%         4
 Manifold Assault         Tloc           8%         N/A       58%         4
 Agony                    Necr           53%        N/A       2%          5
 Infestation              Necr           26%        N/A       99%         8
 Dragon Form              Tmut           4%         N/A       100%        7
 Storm Form               Tmut/Air       4%         N/A       100%        7
 Dragon's Call            Summ           4%         N/A       100%        9


Dungeon Overview and Level Annotations

Branches:
Dungeon (9/15)             Temple (1/1) D:6
   Lair: D:8-11         Orc: D:9-12

Altars:
Ashenzari
Cheibriados
Dithmenos
Elyvilon
Fedhas
Gozag
Hepliaklqana
Kikubaaqudgha
Nemelex Xobeh
Qazlal
Ru
Sif Muna
Trog
Uskayaw
Wu Jian
Xom
Zin
The Shining One

Annotations:
D:4 4 runed translucent doors
D:7 3 runed translucent doors, thurberlil's ghost, novice DsBr


Innate Abilities, Weirdness & Mutations

You can breathe blasts of scalding, opaque steam.
Your pale cyan-grey scales are hard. (AC +7)
You cannot fit into any form of body armour.
You are cold-blooded and may be slowed by cold attacks.
You are immune to the effects of steam.


Message History

Unknown command.
The searing ray hits the hornet.
The hornet is severely wounded.
You finish channelling your searing ray.
You block the hornet's attack.
An efreet comes into view.
It is wielding a +2 scimitar of flaming.
Your gnoll sergeant zombie completely misses the hornet.
The hornet stings you!
You are poisoned.
You feel yourself slow down.
Casting: Searing Ray (safe; 1% risk of failure)
Confirm with . or Enter, or press ? or * to list all spells.
Aiming: Vampiric Draining (safe; 1% risk of failure)
Press: ? - help, Shift-Dir - straight line, f/p - hornet
Aim: a hornet (severely wounded, ally target)
You draw life force from the hornet!
You kill the hornet!
Kikubaaqudgha accepts your kill.
Kikubaaqudgha is now protecting you from necromantic miscasts and death curses.
You feel life coursing into your body!
You feel very sick.
The efreet hits your gnoll zombie with a +2 scimitar of flaming!
The efreet burns your gnoll zombie.
Your gnoll zombie is destroyed!
You feel very sick.
The efreet hits your gnoll zombie with a +2 scimitar of flaming.
The efreet burns your gnoll zombie.
Your gnoll zombie hits the efreet.
You swap places.
You feel yourself speed up.
You feel sick. The efreet gestures at you.
The fireball explodes!
The fireball engulfs you!!
* * * LOW HITPOINT WARNING * * *
The fireball engulfs your gnoll sergeant zombie!
The fireball engulfs your gnoll zombie!!
Your gnoll zombie is destroyed!
The fireball engulfs the efreet.
The efreet completely resists.
The efreet hits you with a +2 scimitar of flaming!
You die...
Kikubaaqudgha rasps: "You have failed me!
Welcome... death!"

##................)..####.###
.....##......).[.......#####
.#####........)............#####
. #................###......##
#................# ######...
#.......>.......## ####
#...............#
#...............##
#...........@.###
#...........ZR..# .......####°'#
..##..##≈≈≈..≈≈≈#
####≈≈≈≈§.≈≈≈≈# #≈≈≈≈≈..≈≈≈≈≈#
#≈≈≈≈≈≈..≈≈≈≈≈≈ ≈≈≈≈≈≈≈..≈≈≈≈≈≈
≈≈≈≈S≈≈..≈S≈≈≈≈


You could see an efreet (ally target) and a friendly gnoll sergeant zombie.

Vanquished Creatures
  A troll (D:7)
  A hornet (D:9)
  Sigmund (D:6)
  5 yaks
  A wyvern (D:8)
  2 steam dragons
  5 water moccasins
  3 ice beasts
  2 sky beasts
  A black bear (D:4)
  An ogre (D:7)
  A centaur (D:7)
  A phantom (D:6)
  4 bullfrogs
  A gnoll sergeant (D:9)
  2 necrophages
  3 scorpions
  3 wights (D:7)
  10 killer bees
  A howler monkey (D:5)
  An electric eel (D:9)
  2 hounds
  An orc priest (D:7)
  5 iguanas
  An orc wizard (D:7)
  A killer bee zombie (D:8)
  Robin (D:3)
  9 gnolls
  5 adders
  2 shadow imps
  3 white imps
  A worm (D:2)
  3 dart slugs
  17 orcs
  11 ball pythons
  5 endoplasms
  3 giant cockroaches
  16 goblins
  7 hobgoblins
  4 jackals (D:5)
  9 kobolds
  6 quokkas
  3 bats
  3 frilled lizards
  5 rats
173 creatures vanquished.

Vanquished Creatures (collateral kills)
  A wyvern (D:9)
  2 yaks (D:9)
  A centaur (D:8)
  A gnoll sergeant (D:9)
  5 wights (D:8)
  2 killer bees
  2 orc priests (D:8)
  An orc wizard (D:8)
  A gnoll (D:9)
16 creatures vanquished.

Vanquished Creatures (others)
  4 yak zombies (D:9)
  An electric eel (D:9)
  A centaur zombie (D:8)
  4 killer bee zombies (D:8)
  A steam dragon zombie (D:9)
  3 gnoll zombies (D:9)
  6 orc zombies
  3 bushes (D:9)
  3 fungi (D:9)
  22 plants (D:9)
48 creatures vanquished.

Grand Total: 237 creatures vanquished

Notes
Turn   | Place    | Note
-------+----------+-------------------------------------------
     0 | D:1      | experimilk the Draconian Conjurer began the quest for the
                  | Orb.
     0 | D:1      | Reached XP level 1. HP: 14/14 MP: 3/3
   356 | D:1      | Reached XP level 2. HP: 20/20 MP: 0/5
   583 | D:1      | Learned a level 2 spell: Searing Ray
  1541 | D:2      | Reached skill level 5 in Conjurations
  1541 | D:2      | Reached XP level 3. HP: 26/26 MP: 0/6
  2078 | D:2      | Reached XP level 4. HP: 29/33 MP: 1/7
  2395 | D:3      | Found a white marble altar of Elyvilon.
  2825 | D:3      | Noticed Robin
  3042 | D:3      | Killed Robin
  3291 | D:4      | Noticed a black bear
  3300 | D:4      | Killed a black bear
  3301 | D:4      | Reached XP level 5. HP: 35/38 MP: 0/8
  3729 | D:4      | Learned a level 1 spell: Necrotise
  3759 | D:4      | Learned a level 4 spell: Animate Dead
  3781 | D:4      | Reached XP level 6. HP: 45/45 MP: 2/9
  3970 | D:4      | Reached skill level 1 in Necromancy
  4046 | D:4      | Found a sacrificial altar of Ru.
  4427 | D:4      | Found a large runed translucent door.
  4427 | D:4      | Found a large runed translucent door.
  4445 | D:4      | Reached skill level 2 in Necromancy
  4449 | D:4      | Noticed a yak
  4533 | D:4      | Killed a yak
  4534 | D:4      | Reached skill level 3 in Necromancy
  4534 | D:4      | Your scales start taking on a pale cyan-grey colour.
  4534 | D:4      | Reached XP level 7. HP: 23/50 MP: 6/10
  4534 | D:4      | Gained mutation: You are immune to the effects of steam.
                  | [Pale Draconian growth]
  4962 | D:4      | Found a large runed translucent door.
  4962 | D:4      | Found a large runed translucent door.
  5053 | D:4      | Reached skill level 4 in Necromancy
  5250 | D:5      | Entered Level 5 of the Dungeon
  5285 | D:5      | Found a glowing golden altar of the Shining One.
  5288 | D:5      | Found a broken altar of Ashenzari.
  5289 | D:5      | Found a sparkling altar of Nemelex Xobeh.
  5289 | D:5      | Found a bloodstained altar of Trog.
  6133 | D:5      | Reached skill level 5 in Necromancy
  6810 | D:6      | Reached XP level 8. HP: 57/57 MP: 7/11
  7117 | D:6      | Noticed Sigmund
  7120 | D:6      | Killed Sigmund
  7121 | D:6      | Reached skill level 6 in Necromancy
  7282 | D:6      | You fall into a shaft and drop 2 floors!
  7604 | D:7      | Found a runed translucent gate.
  7604 | D:7      | Found a runed translucent gate.
  7604 | D:7      | Found a runed translucent gate.
  7606 | D:7      | Found an opulent altar of Gozag.
  7617 | D:7      | Noticed a purple ugly thing
  7618 | D:7      | Noticed thurberlil's ghost (novice DsBr)
  7619 | D:7      | Noticed a troll
  7752 | D:6      | Found a staircase to the Ecumenical Temple.
  7757 | Temple   | Entered the Ecumenical Temple
  7868 | Temple   | Became a worshipper of Kikubaaqudgha
  7904 | D:6      | Learned a level 3 spell: Vampiric Draining
  7994 | D:6      | Found a blossoming altar of Fedhas.
  8268 | D:7      | Noticed a troll
  8274 | D:7      | Killed a troll
  8740 | D:7      | Found an ornate altar of the Wu Jian Council.
  8741 | D:7      | Found a snail-covered altar of Cheibriados.
  8779 | D:7      | Reached skill level 5 in Spellcasting
  8779 | D:7      | Reached skill level 7 in Necromancy
  8779 | D:7      | Reached XP level 9. HP: 51/62 MP: 5/16
  8878 | D:7      | Learned a level 7 spell: Haunt
  9692 | D:8      | Reached skill level 8 in Necromancy
  9719 | D:8      | Reached skill level 9 in Necromancy
  9721 | D:8      | Reached * piety under Kikubaaqudgha
  9721 | D:8      | Received a gift from Kikubaaqudgha
 10734 | D:8      | Learned a level 2 spell: Cigotuvi's Dreadful Rot
 11059 | D:9      | Reached XP level 10. HP: 20/65 MP: 10/19
 11531 | D:9      | Reached skill level 10 in Necromancy
 12096 | D:9      | Reached ** piety under Kikubaaqudgha
 12098 | D:9      | Slain by an efreet

Illustrated notes

Levels and vault maps discovered:
D:1:      dpeg_arrival_leaves_temple_mockup, layout_basic
D:2:      layout_rooms, wander_ebering_terrifying_dragon_lair
D:3:      layout_rooms, old_standard_altar, uniq_robin
D:4:      layout_rooms, nicolae_ru_the_path_less_chosen, st_stairs_5,
          minmay_hollow_rounded_squares
D:5:      layout_layer_cave, chequers_temple_overflow_statue_of_worship,
          minmay_misc_feat_hallway
D:6:      layout_basic, mainiacjoe_overflow_alcove_2,
          minmay_temple_entry_butterflies, uniq_sigmund
D:7:      layout_gridville, mainiacjoe_overflow_divided_tiny,
          ebering_ghost_gozag, nicolae_figureground_pulse
D:8:      layout_cave_pools
D:9:      kennysheep_big_flooded_room, layout_cave_pods,
          nicolae_overflow_squiral, minmay_lair_entry_grove, solitary_fountain
Temple:   kb_temple_of_zot

Skill      XL: |  1  2  3  4  5  6  7  8  9 10 |
---------------+-------------------------------+-----
Conjurations   | 5 7 8 9 |  9.0
Necromancy     | 3 5 7 9 10 | 10.6
Spellcasting   | 5 6 7 |  7.9
Dodging        | 3 |  3.0
Stealth        | |  1.7

Action                   |  1- 3 |  4- 6 |  7- 9 | 10-12 || total
-------------------------+-------+-------+-------+-------++-------
Melee: Unarmed           |     3 |       |       |       ||     3
       Tailslap          |     1 |     1 |     4 |     5 ||    11
       Dagger            |    16 |    19 |       |       ||    35
       Falchion          |       |       |    28 |    27 ||    55
       Spear             |       |       |       |     2 ||     2
 Cast: Magic Dart        |    72 |    56 |    55 |     3 ||   186
       Searing Ray       |    10 |    18 |    42 |    12 ||    82
       Necrotise         |       |     5 |     4 |     2 ||    11
       Vampiric Draining |       |       |     6 |    15 ||    21
       Animate Dead      |       |       |     5 |     2 ||     7
       Cigotuvi's Dreadf |       |       |     1 |     1 ||     2
 Abil: Breathe Steam     |       |       |    17 |     3 ||    20
Evoke: Lightning rod     |       |       |     4 |       ||     4
  Use: Scroll            |       |     1 |     8 |     1 ||    10
       Potion            |       |     1 |     3 |     2 ||     6
Armor: Skin              |     9 |    12 |    59 |    22 ||   102
Dodge: Dodged            |    33 |    26 |    64 |    50 ||   173
Block: Other             |       |       |    25 |    32 ||    57

Table legend: (Time is in decaauts)
 A = Elapsed time spent in this place.
 B = Non-inter-level travel time spent in this place.
 C = Inter-level travel time spent in this place.
 D = Time resting spent in this place.
 E = Time spent auto-exploring this place.
 F = Levels seen in this place.
 G = Mean time per level.
                   A        B        C        D        E       F      G
               +--------+--------+--------+--------+--------+-----+--------+
         Total |  12122 |  11841 |    281 |   3892 |   6034 |  10 | 1212.2 |
       Dungeon |  11980 |  11750 |    230 |   3892 |   5951 |   9 | 1331.1 |
        Temple |    141 |     90 |     51 |      0 |     83 |   1 |  141.0 |
               +--------+--------+--------+--------+--------+-----+--------+

Top non-repeatable levels by time:
     D:7: 2103 daAuts
     D:4: 1835 daAuts
     D:5: 1556 daAuts
     D:8: 1398 daAuts
     D:1: 1288 daAuts
     D:2: 1070 daAuts
     D:3: 1057 daAuts
     D:6: 920 daAuts
     D:9: 750 daAuts
  Temple: 141 daAuts
